General information
- name: BNet
- type: Ladder team game (AT/RT)
- host: Battle.net
- saver: Blahsmack
map: Dragonblight
- players: 6
- length: 22:45
- speed: Fast
- version: 1.21 W3XP
- replay type: Public
» download(112 KB)
Players
team 1 (winner)

»
DevilBackFire (
teal | 96 APM | 2165 actions | 22:35)
7 Crypt Lord
3 Impale
3 Spiked Carapace
1 Locust Swarm
» actions
| Assign group hotkey | 51 | |
| Basic commands | 52 | |
| Build / train | 83 | |
| Enter build submenu | 18 | |
| Enter hero's abilities submenu | 7 | |
| Give item / drop item | 1 | |
| Right click | 755 | |
| Select / deselect | 456 | |
| Select group hotkey | 666 | |
| Use ability | 76 | |
2165 total
» units
| Acolyte | 6 | |
| Ghoul | 4 | |
| Meatwagon | 7 | |
| Necromancer | 17 | |
| Obsidian Statue | 2 | |
36 total
» upgrades
| Exhume Corpses | 1 | |
| Skeletal Longevity | 1 | |
| Necromancer Training | 2 | |
| Skeletal Mastery | 1 | |
5 total
» buildings
| Altar of Darkness | 1 | |
| Ziggurat | 7 | |
| Crypt | 1 | |
| Nerubian Tower | 12 | |
| Tomb of Relics | 1 | |
| Halls of the Dead | 4 | |
| Graveyard | 1 | |
| Slaughterhouse | 1 | |
| Temple of the Damned | 2 | |
| Black Citadel | 3 | |
| Sacrificial Pit | 1 | |
| Boneyard | 1 | |
35 total
» build order
00:12 Altar of Darkness
00:14 Ziggurat
00:27 Crypt
01:08 Ziggurat
01:22 Nerubian Tower
01:22 Nerubian Tower
01:22 Nerubian Tower
01:22 Nerubian Tower
01:47 Tomb of Relics
03:26 Halls of the Dead
03:26 Halls of the Dead
03:26 Halls of the Dead
03:48 Graveyard
04:49 Ziggurat
05:11 Ziggurat
05:53 Slaughterhouse
05:57 Temple of the Damned
06:04 Ziggurat
06:08 Temple of the Damned
06:11 Black Citadel
06:11 Black Citadel
06:26 Nerubian Tower
06:26 Nerubian Tower
07:36 Ziggurat
07:39 Ziggurat
08:32 Nerubian Tower
09:09 Sacrificial Pit
11:50 Nerubian Tower
11:51 Nerubian Tower
12:17 Boneyard
» items
| Rod of Necromancy | 1 | |
| Dust of Appearance | 1 | |
| Sacrificial Skull | 1 | |
3 total
Cheesypuffz (
red | 53 APM | 1202 actions | 22:35)
6 Keeper of the Grove
3 Entangling Roots
2 Thorns Aura
1 Tranquility
» actions
| Assign group hotkey | 20 | |
| Build / train | 40 | |
| Enter build submenu | 16 | |
| Enter hero's abilities submenu | 6 | |
| Right click | 727 | |
| Select / deselect | 273 | |
| Select group hotkey | 87 | |
| Use ability | 33 | |
1202 total
» units
| Wisp | 14 | |
| Huntress | 4 | |
| Dryad | 5 | |
| Druid of the Talon | 5 | |
| Hippogryph | 1 | |
29 total
» upgrades
| Abolish Magic | 1 | |
| Strength of the Wild | 1 | |
2 total
» buildings
| Altar of Elders | 1 | |
| Moon Well | 7 | |
| Hunter's Hall | 1 | |
| Ancient of War | 2 | |
| Tree of Ages | 2 | |
| Ancient of Lore | 2 | |
| Ancient of Wind | 1 | |
16 total
» build order
00:08 Altar of Elders
00:10 Moon Well
01:24 Hunter's Hall
02:21 Ancient of War
02:29 Ancient of War
02:50 Moon Well
03:50 Tree of Ages
03:50 Tree of Ages
04:48 Moon Well
07:08 Ancient of Lore
07:18 Ancient of Lore
07:21 Ancient of Wind
08:36 Moon Well
08:42 Moon Well
11:34 Moon Well
12:22 Moon Well
Blahsmack (
purple | 39 APM | 882 actions | 22:45)
4 Blood Mage
2 Flame Strike
2 Siphon Mana
» actions
| Basic commands | 17 | |
| Build / train | 121 | |
| Enter build submenu | 40 | |
| Enter hero's abilities submenu | 4 | |
| Remove unit from queue | 1 | |
| Right click | 290 | |
| Select / deselect | 275 | |
| Use ability | 134 | |
882 total
» units
» upgrades
| Masonry | 3 | |
| Lumber Harvesting | 2 | |
| Gunpowder | 3 | |
| Fragmentation Shards | 1 | |
| Flare | 1 | |
| Magic Sentry | 1 | |
11 total
» buildings
| Lumber Mill | 2 | |
| Farm | 11 | |
| Scout Tower | 81 | |
| Guard Tower | 69 | |
| Arcane Vault | 2 | |
| Altar of Kings | 1 | |
| Arcane Tower | 1 | |
| Keep | 1 | |
| Blacksmith | 1 | |
| Castle | 1 | |
| Workshop | 2 | |
| Arcane Sanctum | 1 | |
| Town Hall | 1 | |
174 total
» build order
00:16 Lumber Mill
01:00 Farm
01:13 Scout Tower
01:14 Scout Tower
01:15 Scout Tower
01:32 Farm
01:41 Guard Tower
01:41 Guard Tower
01:49 Scout Tower
01:56 Scout Tower
01:59 Guard Tower
02:00 Guard Tower
02:01 Guard Tower
02:12 Scout Tower
02:17 Scout Tower
02:22 Guard Tower
02:37 Scout Tower
02:39 Scout Tower
02:47 Scout Tower
02:48 Scout Tower
03:02 Scout Tower
03:05 Guard Tower
03:15 Guard Tower
03:15 Guard Tower
03:23 Guard Tower
03:23 Guard Tower
03:23 Guard Tower
03:33 Guard Tower
03:33 Guard Tower
03:33 Guard Tower
03:51 Scout Tower
03:53 Scout Tower
04:21 Guard Tower
04:21 Guard Tower
04:26 Scout Tower
04:33 Arcane Vault
04:43 Altar of Kings
04:50 Guard Tower
04:50 Guard Tower
05:02 Guard Tower
05:02 Guard Tower
05:11 Arcane Vault
05:17 Scout Tower
05:19 Scout Tower
05:21 Scout Tower
05:22 Scout Tower
05:24 Scout Tower
05:25 Scout Tower
05:32 Scout Tower
05:33 Scout Tower
05:34 Scout Tower
05:35 Scout Tower
05:40 Scout Tower
05:41 Scout Tower
05:42 Scout Tower
05:48 Guard Tower
05:48 Guard Tower
05:48 Guard Tower
05:54 Guard Tower
06:24 Guard Tower
06:24 Guard Tower
06:41 Scout Tower
06:55 Guard Tower
06:55 Guard Tower
07:12 Arcane Tower
07:21 Guard Tower
07:21 Guard Tower
07:33 Guard Tower
07:33 Guard Tower
07:34 Guard Tower
07:57 Guard Tower
08:28 Lumber Mill
08:30 Keep
08:50 Blacksmith
09:06 Scout Tower
09:10 Scout Tower
09:24 Scout Tower
09:25 Scout Tower
09:26 Scout Tower
09:27 Scout Tower
09:39 Guard Tower
10:08 Guard Tower
10:18 Scout Tower
10:19 Scout Tower
10:20 Scout Tower
10:33 Scout Tower
10:34 Scout Tower
10:36 Scout Tower
10:39 Scout Tower
10:41 Scout Tower
10:47 Scout Tower
10:48 Scout Tower
11:03 Guard Tower
11:05 Castle
11:08 Guard Tower
11:16 Guard Tower
11:16 Guard Tower
11:23 Guard Tower
12:31 Guard Tower
12:33 Guard Tower
12:42 Guard Tower
13:17 Scout Tower
13:17 Scout Tower
13:20 Scout Tower
14:31 Workshop
14:34 Workshop
14:39 Scout Tower
14:39 Scout Tower
14:40 Scout Tower
14:41 Scout Tower
14:42 Scout Tower
14:59 Guard Tower
15:03 Scout Tower
15:04 Scout Tower
15:04 Scout Tower
15:08 Scout Tower
15:09 Scout Tower
15:11 Scout Tower
15:12 Scout Tower
15:13 Scout Tower
15:37 Guard Tower
15:37 Guard Tower
15:49 Arcane Sanctum
16:06 Guard Tower
16:10 Guard Tower
16:13 Guard Tower
16:41 Guard Tower
17:10 Scout Tower
17:12 Scout Tower
17:12 Scout Tower
18:03 Guard Tower
18:10 Farm
18:11 Farm
18:12 Farm
18:13 Farm
18:18 Farm
18:21 Farm
18:23 Farm
18:25 Farm
18:26 Farm
18:36 Guard Tower
18:36 Guard Tower
18:36 Guard Tower
18:39 Guard Tower
18:46 Guard Tower
18:46 Guard Tower
18:52 Guard Tower
18:52 Guard Tower
18:53 Guard Tower
19:18 Town Hall
21:26 Scout Tower
21:26 Scout Tower
21:27 Scout Tower
21:29 Scout Tower
21:31 Scout Tower
21:32 Scout Tower
21:33 Scout Tower
21:34 Scout Tower
21:35 Scout Tower
21:36 Scout Tower
21:37 Scout Tower
21:38 Scout Tower
21:38 Scout Tower
21:39 Scout Tower
21:40 Scout Tower
21:41 Scout Tower
22:17 Guard Tower
22:17 Guard Tower
22:20 Scout Tower
» items
| Potion of Mana | 2 | |
| Ivory Tower | 3 | |
5 total
team 2 (loser)
weed420 (
green | 37 APM | 789 actions | 21:31)
3 Blademaster
2 Wind Walk
1 Critical Strike
» actions
| Basic commands | 10 | |
| Build / train | 41 | |
| Enter build submenu | 20 | |
| Enter hero's abilities submenu | 3 | |
| Right click | 429 | |
| Select / deselect | 237 | |
| Use ability | 49 | |
789 total
» units
| Peon | 12 | |
| Grunt | 8 | |
| Troll Batrider | 8 | |
28 total
» upgrades
| Ranged Weapons | 3 | |
| Liquid Fire | 1 | |
| Armor | 1 | |
5 total
» buildings
| Orc Burrow | 6 | |
| Altar of Storms | 1 | |
| Barracks | 1 | |
| Voodoo Lounge | 1 | |
| War Mill | 1 | |
| Stronghold | 1 | |
| Beastiary | 2 | |
| Fortress | 1 | |
| Watch Tower | 7 | |
21 total
» build order
00:05 Orc Burrow
00:09 Altar of Storms
01:20 Barracks
01:54 Orc Burrow
01:59 Voodoo Lounge
02:37 Orc Burrow
02:42 War Mill
04:50 Orc Burrow
05:09 Stronghold
08:01 Beastiary
08:05 Beastiary
08:10 Fortress
09:24 Orc Burrow
11:54 Orc Burrow
15:32 Watch Tower
15:35 Watch Tower
15:37 Watch Tower
15:40 Watch Tower
15:44 Watch Tower
15:47 Watch Tower
15:50 Watch Tower
» items
| Healing Salve | 1 | |
| Lesser Clarity Potion | 1 | |
2 total
Dramaro (
orange | 20 APM | 450 actions | 22:35)
1 Death Knight
1 Unholy Aura
» actions
| Basic commands | 6 | |
| Build / train | 55 | |
| Enter build submenu | 19 | |
| Enter hero's abilities submenu | 2 | |
| Right click | 149 | |
| Select / deselect | 202 | |
| Use ability | 17 | |
450 total
» units
| Acolyte | 2 | |
| Ghoul | 26 | |
| Crypt Fiend | 2 | |
| Gargoyle | 1 | |
31 total
» upgrades
| Unholy Strength | 3 | |
| Unholy Armor | 4 | |
| Ghoul Frenzy | 1 | |
8 total
» buildings
| Ziggurat | 11 | |
| Graveyard | 1 | |
| Tomb of Relics | 1 | |
| Altar of Darkness | 1 | |
| Crypt | 1 | |
| Halls of the Dead | 1 | |
| Black Citadel | 1 | |
| Spirit Tower | 9 | |
26 total
» build order
00:38 Ziggurat
01:41 Graveyard
01:54 Tomb of Relics
02:48 Altar of Darkness
04:34 Crypt
06:57 Halls of the Dead
07:14 Ziggurat
07:30 Ziggurat
07:35 Ziggurat
07:45 Ziggurat
09:47 Black Citadel
12:32 Spirit Tower
12:35 Spirit Tower
12:42 Spirit Tower
12:44 Spirit Tower
13:26 Spirit Tower
15:28 Ziggurat
15:33 Ziggurat
16:54 Spirit Tower
16:57 Spirit Tower
19:16 Ziggurat
19:28 Ziggurat
19:32 Ziggurat
19:49 Ziggurat
20:37 Spirit Tower
20:38 Spirit Tower
Snappi (
yellow | 21 APM | 307 actions | 14:42)
2 Far Seer
1 Feral Spirit
1 Chain Lighting
» actions
| Build / train | 33 | |
| Enter build submenu | 24 | |
| Enter hero's abilities submenu | 2 | |
| Remove unit from queue | 2 | |
| Right click | 95 | |
| Select / deselect | 123 | |
| Use ability | 28 | |
307 total
» units
| Peon | 7 | |
| Grunt | 7 | |
| Demolisher | 2 | |
| Wind Rider | 5 | |
| Shaman | 3 | |
24 total
» buildings
| Altar of Storms | 1 | |
| Orc Burrow | 6 | |
| Barracks | 1 | |
| War Mill | 1 | |
| Voodoo Lounge | 1 | |
| Watch Tower | 5 | |
| Stronghold | 1 | |
| Beastiary | 1 | |
| Spirit Lodge | 1 | |
18 total
» build order
00:04 Altar of Storms
00:17 Orc Burrow
00:56 Barracks
01:22 War Mill
02:07 Voodoo Lounge
02:20 Orc Burrow
03:33 Orc Burrow
04:33 Watch Tower
04:44 Watch Tower
05:08 Stronghold
05:47 Watch Tower
07:00 Watch Tower
07:40 Beastiary
08:15 Orc Burrow
09:14 Spirit Lodge
09:19 Orc Burrow
11:23 Orc Burrow
13:54 Watch Tower
» items
| Healing Salve | 1 | |
| Scroll of Town Portal | 1 | |
| Potion of Healing | 1 | |
3 total
Chat log
(00:18 / Allies) Cheesypuffz: dot/dyrad
(00:24 / Allies) DevilBackFire: me don't make spider
(00:29 / Allies) DevilBackFire: kk ?
(00:31 / Allies) Cheesypuffz: k
(00:36 / Allies) Blahsmack: wood
(00:37 / Allies) Blahsmack: and gold
(00:41 / Allies) Blahsmack: gilder basing
(00:45 / Allies) DevilBackFire: NO !
(00:50 / Allies) Blahsmack: yes
(00:54 / Allies) Blahsmack: you dont know how this works
(01:51 / Allies) Blahsmack: wood
(01:52 / Allies) Blahsmack: wood
(02:56 / Allies) Blahsmack: lumber
(06:59 / Allies) Cheesypuffz: give me that please
(07:43 / Allies) Cheesypuffz: uugh.
(07:45 / Allies) Cheesypuffz: O.o
(08:03 / Allies) Cheesypuffz: somewhat i think this is pointless
(08:04 / Allies) DevilBackFire: red ยง
(08:10 / Allies) Blahsmack: umm
(08:13 / Allies) Blahsmack: we should harass them
(08:15 / Allies) Blahsmack: seriously
(08:36 / Allies) DevilBackFire: NENED EXCE !
(09:38 / Allies) DevilBackFire: purpolke give gold !
(10:00 / Allies) Blahsmack: this is why you harass them
(10:04 / Allies) Blahsmack: with our towers
(10:09 / Allies) Cheesypuffz: sph
(13:07 / All) DevilBackFire: ^^
(14:45 / All) DevilBackFire: ^^
(21:13 / All) DevilBackFire: ^^
(21:15 / All) DevilBackFire: g noob
(22:31 / All) Blahsmack: winners dont use drugs